 Dungeon Crawl Stone Soup version 0.28-a0-1190-g77e1c55843 (webtiles) character file.

Game seed: 17940962956503028493

49 fragbeetle the Insei (level 3, -3/27 HPs)
             Began as a Merfolk Transmuter on Dec 19, 2021.
             Succumbed to a goblin's poison
             ... on level 2 of the Dungeon.
             The game lasted 00:02:34 (1729 turns).

fragbeetle the Insei (Merfolk Transmuter)           Turns: 1729, Time: 00:02:35

Health: -3/27      AC:  2    Str: 12    XL:     3   Next: 77%
Magic:  6/6        EV: 13    Int: 12    God:
Gold:   68         SH:  0    Dex: 14    Spells: 4/6 levels left

rFire   . . .      SeeInvis .     - Unarmed
rCold   . . .      Faith    .   (no shield)
rNeg    . . .      Spirit   .   a - +0 robe
rPois   .          Reflect  .   (helmet currently unavailable)
rElec   .          Harm     .   (no cloak)
rCorr   .          Rampage  .   (no gloves)
Will    +....                   (boots currently unavailable)
Stlth   +.........              (no amulet)
HPRegen 0.09/turn               c - ring of willpower
MPRegen 0.10/turn               (no ring)

@: lethally poisoned (-3 -> -28), appendages (expiring)
A: horns 2, (nimble swimmer 2), mertail
a: End Transformation


You were on level 2 of the Dungeon.
You had temporarily grown beastly horns.
You visited 1 branch of the dungeon, and saw 2 of its levels.

You collected 68 gold pieces.

Inventory:

Missiles
 d - 34 stones
Armour
 a - a +0 robe (worn)
 e - a +0 helmet (melded)
Jewellery
 c - a ring of willpower (left hand)
Potions
 b - 2 potions of curing {unknown}
 f - 2 potions of brilliance {unknown}


   Skills:
 + Level 2.0 Fighting
 - Level 3.5 Dodging
 + Level 3.8 Unarmed Combat
 - Level 2.0 Spellcasting
 + Level 3.5 Transmutations
 + Level 0.0 Poison Magic


You had 4 spell levels left.
You knew the following spells:

 Your Spells              Type           Power      Damage    Failure   Level
a - Beastly Appendage     Tmut           18%        N/A       6%          1
b - Sting                 Tmut/Pois      20%        1d4       13%         1

Your spell library contained the following spells:

 Spells                   Type           Power      Damage    Failure   Level
 Wereblood                Tmut           9%         N/A       10%         2
 Spider Form              Tmut/Pois      5%         N/A       36%         3
 Poisonous Vapours        Pois/Air       2%         N/A       38%         2
 Ice Form                 Ice/Tmut       5%         N/A       78%         4
 Olgreb's Toxic Radiance  Pois           1%         N/A       95%         4


Dungeon Overview and Level Annotations

Branches:
Dungeon (2/15)

Altars:

Shops:
D:1 (


Innate Abilities, Weirdness & Mutations

You have temporarily grown beastly horns.
((You are quick and stealthy near water. (Stealth+, EV+, Speed+++)))
Your lower body shifts to a powerful aquatic tail in water.


Message History

A goblin comes into view. It is wielding a +0 dagger of venom.
The goblin shouts!
You see here 12 gold pieces.
Casting: Sting (safe; 13% risk of failure)
Confirm with . or Enter, or press ? or * to list all spells.
You grow a pair of large bovine horns.
Your +0 helmet melds into your body.
You closely miss the goblin. The goblin closely misses you.
You closely miss the goblin. Your punch misses the goblin.
You closely miss the goblin. You headbutt the goblin.
The goblin is heavily wounded.
Your transformation is almost over.
The goblin barely misses you.
You closely miss the goblin.
The goblin is heavily wounded.
The goblin closely misses you.
You closely miss the goblin.
The goblin is heavily wounded.
The goblin hits you with a +0 dagger of venom.
You are poisoned.
You barely miss the goblin.
The goblin is heavily wounded.
You feel very sick.
The goblin hits you with a +0 dagger of venom.
You are more poisoned.
You barely miss the goblin.
The goblin is moderately wounded.
You feel very sick.
The goblin hits you with a +0 dagger of venom.
You are lethally poisoned!
You barely miss the goblin.
You headbutt the goblin, but do no damage.
* * * LOW HITPOINT WARNING * * *
You feel very sick. The goblin hits you but does no damage.
You are more poisoned.
You hit the goblin.
You kill the goblin!
* * * LOW HITPOINT WARNING * * *
You feel very sick.
You die...

########.# #.# #.# # #.#
#.. #.# #...# #.#
......#.#####
............############
......#..#....$@.)......
#...###....#.##########.
#?. ##..#..# ##
##.....## #.#####.#
##.###.## ..#. #..#
#..#############


There were no monsters in sight!

Vanquished Creatures
  Jessica (D:2)
  2 dart slugs (D:1)
  2 bats (D:2)
  3 endoplasms (D:1)
  A giant cockroach (D:1)
  3 goblins
  3 kobolds
  A ball python (D:1)
  2 frilled lizards (D:2)
18 creatures vanquished.

Notes
Turn   | Place    | Note
-------+----------+-------------------------------------------
     0 | D:1      | fragbeetle the Merfolk Transmuter began the quest for the
                  | Orb.
     0 | D:1      | Reached XP level 1. HP: 15/15 MP: 3/3
   270 | D:1      | Found Xeggoat's Weapon Emporium.
   282 | D:1      | Reached XP level 2. HP: 21/21 MP: 3/5
   921 | D:1      | Found a faded altar of an unknown god.
  1187 | D:2      | Noticed Jessica
  1206 | D:2      | HP: 1/21 [Jessica (6)]
  1208 | D:2      | Killed Jessica
  1209 | D:2      | Reached XP level 3. HP: 2/27 MP: 3/6
  1489 | D:2      | Learned a level 1 spell: Sting
  1729 | D:2      | Succumbed to a goblin's poison

Illustrated notes

Levels and vault maps discovered:
D:1:      eino_arrival_water_star, layout_basic, basic_ecumenical_altar,
          serial_shops, nicolae_shop_bloodbath_and_beyond,
          minmay_misc_feat_doors
D:2:      layout_loops_ring, uniq_jessica

Skill      XL: |  1  2 |
---------------+-------+-----
Dodging        | 3 |  3.5
Transmutations | 3 |  3.5
Fighting       | 2 |  2.0
Unarmed Combat | |  3.8
Spellcasting   | |  2.0

Action                   || total
-------------------------++-------
Melee: Unarmed           ||    72
       Headbutt          ||     8
       Punch             ||     1
 Cast: Beastly Appendage ||    13
       Sting             ||     2
 Stab: Sleeping          ||     1
Armor: Robe              ||     9
Dodge: Dodged            ||    49

Table legend: (Time is in decaauts)
 A = Elapsed time spent in this place.
 B = Non-inter-level travel time spent in this place.
 C = Inter-level travel time spent in this place.
 D = Time resting spent in this place.
 E = Time spent auto-exploring this place.
 F = Levels seen in this place.
 G = Mean time per level.
                   A        B        C        D        E       F      G
               +--------+--------+--------+--------+--------+-----+--------+
         Total |   1722 |   1710 |     12 |    442 |   1043 |   2 |  861.0 |
       Dungeon |   1722 |   1710 |     12 |    442 |   1043 |   2 |  861.0 |
               +--------+--------+--------+--------+--------+-----+--------+

Top non-repeatable levels by time:
     D:1: 1115 daAuts
     D:2: 607 daAuts
